Unix NetHack Version 5.0.0-0 post-release - last build Jun 10 2026 00:39:30 (3ee93aec679c4c4259841fe613dc97188e26a321,branch:main).

Game began 2026-07-05 19:03:43, ended 2026-07-05 19:21:01.

DaveT, lawful male human Priest

                                                          ---
                                                         --.--
                                                         |...-----
                                                   ---   |.....>.----
                                                   |.. ---.-----....|
                                           --      |..--...|   ----*--   -----
                                           |.      |.....---      |..-----...|
                                     |   ---.      ---...|        |..........|
                -- -    --    --------. --...----------[.----     |..------.--
                -............................%..........[...|   ---.`---- ---
               |.....            --...............--.--.....----|.......--
               |         |.....................).......---...).--........---
                         --- `   ---.. |.--.--..@......| |..%[.............|
                                   |   -- |. |.........| --...)....<.......---
                                          -- |-...)...--  ---...).......--...|
                                             |.....)..|     -------....--|...|
                                             --.|.....|           |....-------
                                              ----....--          -.....|
                                                 |.....|         |.....--
                                                 --.----         |.--..|
                                                  ---            -- ----
DaveT the Adept              St:12 Dx:16 Co:12 In:9 Wi:18 Ch:10  Lawful
Dlvl:6  $:277 HP:0(48) Pw:101(101) AC:1  Xp:7 T:2709  Satiated

Latest messages:
 The gnome lord throws a dart!
 The dart misses the Uruk-hai.
 The dart hits the newt.
 The newt is killed!
 You hit the Uruk-hai.
 The Uruk-hai misses!
 The dwarf misses!
 You hit the Uruk-hai!
 The Uruk-hai hits!
 You hit the Uruk-hai!
 The dwarf hits!
 You kill the Uruk-hai!
 The dwarf hits!
 You hit the gnome lord!
 The gnome lord misses!
 You hit the gnome lord.
 The dwarf hits!
 The gnome lord misses!
 You kill the gnome lord!
 The dwarf hits!
 You hit the dwarf.
 The dwarf reads a scroll of teleportation!
 The dwarf vanishes!
 You hit the lizard.
 The lizard bites!
 You hit the lizard!
 The lizard misses!
 You miss the lizard.
 The lizard bites!
 You hit the lizard!
 You knock the lizard backward with a forceful strike!
 You see here 2 darts.
 You hit the lizard.
 The lizard misses!
 You hit the lizard!
 You kill the lizard!
 Q - a lizard corpse.
 You see here 2 darts.
 H - 2 darts (7 in total).
 There is a partly eaten gnome corpse here; eat it? [ynq] (n) y
 You resume your meal.
 You finish eating the gnome corpse.
 You see here a dagger.
 R - a dagger.
 R - a dagger (2 in total).
 There is a partly eaten gnome corpse here; eat it? [ynq] (n) y
 You feel sick.
 You die...
 Do you want your possessions identified? [ynq] (y) y
 Do you want to see your attributes? [ynq] (y) q

Inventory:
 Coins    ('$')
  $ - 277 gold pieces
 Weapons  (')')
  I - a blessed rustproof +0 arrow (in quiver)
  K - 2 blessed +0 arrows
  r - 11 +0 arrows
  A - 2 blessed +1 darts
  H - 7 +0 darts
  R - 2 +0 daggers
  a - a blessed corroded +1 mace (weapon in right hand)
 Armor    ('[')
  i - a +0 cornuthaum (being worn)
  c - a +0 small shield (being worn)
  b - a +0 robe (being worn)
  y - a blessed +2 Hawaiian shirt with a hibiscus flower motif (being worn)
  C - a +0 scale mail (being worn)
 Comestibles  ('%')
  e - a clove of garlic
  P - a food ration
  f - a sprig of wolfsbane
  Q - a lizard corpse
 Scrolls  ('?')
  E - a scroll of magic mapping
  l - a cursed scroll of magic mapping
  u - 2 scrolls of teleportation
 Potions  ('!')
  F - a potion of gain energy
  n - a cursed potion of gain energy
  J - a potion of object detection
  d - 3 potions of holy water
 Rings    ('=')
  O - a ring of fire resistance (on left hand)
 Tools    ('(')
  s - a cursed blindfold
  B - a skeleton key
  L - a tin whistle
  G - a wax candle
 Gems/Stones  ('*')
  N - a touchstone

DaveT the Priest's attributes:

Background:
 You were an Adept, a level 7 human Priest.
 You were lawful, on a mission for Anu
 who was opposed by Ishtar (neutral) and Anshar (chaotic).
 You were right-handed.
 You were in the Gnomish Mines, on level 6.
 You entered the dungeon 2709 turns ago.
 You had 943 experience points, 337 more were needed to attain level 8.

Basics:
 You had 0 out of 48 hit points.
 You had all 101 energy points (spell power).
 Your armor class was 1.
 Your wallet contained 277 zorkmids.
 Autopickup was off.

Final Characteristics:
 Your strength was 12 (limit:18/100).
 Your dexterity was 16 (limit:18).
 Your constitution was 12 (limit:18).
 Your intelligence was 9 (limit:18).
 Your wisdom was 18 (limit:18).
 Your charisma was 10 (base:11, limit:18).

Final Status:
 You were satiated.
 You were unencumbered.
 You were wielding a mace.
 You were skilled in mace.

Final Attributes:
 You were piously aligned.
 You were fire resistant.
 Your items were protected from fire.
 You were telepathic.
 You could have been clairvoyant.
 You were guarded.
 Your spell casting was impaired by metallic armor, mitigated by your robe.
 You are dead.

Miscellaneous:
 You didn't encounter any bones levels.
 Total elapsed playing time was 17 minutes and 17 seconds.

Major events:
 Turn
    1: DaveT the lawful human Priest entered the dungeon
  477: attained the rank of Acolyte (level 3)
 1381: attained the rank of Adept (level 6)
 1552: entered the Gnomish Mines
 2709: killed by a cadaver

Spells:
 Name                 Level Category     Fail Retention
 detect monsters        1   divination    31%  76%-100%
 identify               3   divination    98%  76%-100%

Skills:
 Fighting Skills
   bare handed combat [Unskilled]
 Weapon Skills
   club               [Unskilled]
   mace               [Skilled]
   morning star       [Unskilled]
   flail              [Unskilled]
   hammer             [Unskilled]
   quarterstaff       [Unskilled]
   polearms           [Unskilled]
   spear              [Unskilled]
   trident            [Unskilled]
   lance              [Unskilled]
   bow                [Unskilled]
   sling              [Unskilled]
   crossbow           [Unskilled]
   dart               [Unskilled]
   shuriken           [Unskilled]
   boomerang          [Unskilled]
   unicorn horn       [Unskilled]
 Spellcasting Skills
   healing spells     [Unskilled]
   divination spells  [Unskilled]
   clerical spells    [Basic]

Voluntary challenges:
 Character rerolling was not enabled.
 You never genocided any monsters.
 You never polymorphed an object.
 You never changed form.
 You used no wishes.
Achievements:
 You attained the rank of Acolyte.
 You entered a shop.
 You attained the rank of Adept.
 You entered the Gnomish Mines.

 The Dungeons of Doom: levels 1 to 5
    Level 1:
       A fountain.
    Level 2:
       A fountain.
    Level 3:
       A general store.
    Level 4:
       Some fountains.
       Stairs down to The Gnomish Mines.
    Level 5:
 The Gnomish Mines: levels 5 to 7
    Level 5:
    Level 6: <- You were here.
       Final resting place for
          you, killed by a cadaver.
    Level 7:


Vanquished creatures:
  2 gnome rulers
  a lizard
  a snake
  a wood nymph
  9 Uruk-hai
 an orc shaman
  a pony
  4 fog clouds
  2 yellow lights
  3 gnome leaders
  a gnomish wizard
  3 floating eyes
  a dwarf
  a giant bat
  a monkey
 an iguana
  2 acid blobs
  2 gas spores
  2 manes
  2 large kobolds
  4 giant rats
  2 cave spiders
  a yellow mold
 16 gnomes
  a gnome zombie
  2 geckos
  2 jackals
  2 kobolds
  3 goblins
  3 grid bugs
  2 lichens
  2 kobold zombies
  6 newts
87 creatures vanquished.

No species were genocided or became extinct.

Game over:
                       ----------
                      /          \
                     /    REST    \
                    /      IN      \
                   /     PEACE      \
                  /                  \
                  |      DaveT       |
                  |      277 Au      |
                  |   killed by a    |
                  |     cadaver      |
                  |                  |
                  |                  |
                  |       2026       |
                 *|     *  *  *      | *
        _________)/\\_//(\/(/\)/\//\/|_)_______

Goodbye DaveT the Priest...

You died in The Gnomish Mines on dungeon level 6 with 3734 points,
and 277 pieces of gold, after 2709 moves.
You were level 7 with a maximum of 48 hit points when you died.

